 Dungeon Crawl Stone Soup version 0.16-a0-51-g3cd7026 (console) character file.

73 MrRokkomies the Shooter (level 4, -4/37 HPs)
             Began as a Centaur Hunter on Aug 6, 2014.
             Killed from afar by Terence (13 damage)
             ... with a wand of frost
             ... on Level 3 of the Dungeon.
             The game lasted 00:08:18 (2363 turns).

MrRokkomies the Shooter (Centaur Hunter)            Turns: 2363, Time: 00:08:18

HP  -4/37        AC  5     Str 15      XL: 4   Next:  8%
MP   3/3         EV  7     Int 10      God:
Gold 196         SH  0     Dex 10      Spells:  0 memorised,  3 levels left

rFire  . . .     SeeInvis .     b - +1 shortbow
rCold  . . .     Clarity  .     m - +0 ring mail
rNeg   . . .     rCorr    +     (no shield)
rPois  .         rRot     .     (no helmet)
rElec  .         Spirit   .     (no cloak)
SustAb .         Warding  .     (no gloves)
rMut   .         Stasis   .     (no barding)
Gourm  .                        l - amulet of resist corrosion
MR     .....                    e - ring of flight
                                n - ring of stealth

@: very quick, not resistant to hostile enchantments, very unstealthy
A: hooves 3, deformed body, speed 2, tough skin 3
a: Evoke Flight


You were on level 3 of the Dungeon.
You were not hungry.

You visited 1 branch of the dungeon, and saw 3 of its levels.

You collected 196 gold pieces.

Inventory:

Hand weapons
 a - a +0 short sword
 b - a +1 shortbow (weapon)
Missiles
 c - 13 arrows (quivered)
 i - 6 poisoned needles
Armour
 m - a +0 ring mail (worn)
Comestibles
 d - 3 fruits
 f - 4 bread rations
 g - a meat ration
Scrolls
 h - a scroll of teleportation
 k - a scroll of remove curse
Jewellery
 e - a ring of flight (right hand)
 l - an amulet of resist corrosion (around neck)
 n - a ring of stealth (left hand)
Potions
 j - a potion of restore abilities
 o - 3 potions of curing
 p - 2 potions of heal wounds
 q - a potion of might {unknown}


   Skills:
 * Level 2.7 Fighting
 * Level 6.5 Bows
 - Level 1.3 Dodging
 - Level 0.5 Stealth


You had 3 spell levels left.
You didn't know any spells.

Dungeon Overview and Level Annotations

Branches:
Dungeon (3/15)

Altars:

Annotations:
D:3 Terence


Innate Abilities, Weirdness & Mutations

You have hooves in place of feet.
Armour fits poorly on your strangely shaped body.
You cover ground very quickly.
You have extremely tough skin (AC +3).


Message History

The puff of frost hits you!
Firing (i - inventory):
c - 16 arrows (quivered)
Press: ? - help, Shift-Dir - straight line, f/p - Terence
Aim: Terence, wielding a short sword, wearing a glowing scale mail and carrying a wand of frost {zapped: 2} You shoot an arrow.
The arrow hits Terence but does no damage.
Terence zaps a wand.
The puff of frost hits you!
Firing (i - inventory):
c - 15 arrows (quivered)
Press: ? - help, Shift-Dir - straight line, f/p - Terence
Aim: Terence, wielding a short sword, wearing a glowing scale mail and carrying a wand of frost {zapped: 3} You shoot an arrow.
The arrow barely misses Terence.
Terence zaps a wand.
The puff of frost hits you!
* * * LOW HITPOINT WARNING * * *
Firing (i - inventory):
c - 14 arrows (quivered)
Press: ? - help, Shift-Dir - straight line, f/p - Terence
Aim: Terence, wielding a short sword, wearing a glowing scale mail and carrying a wand of frost {zapped: 4} You shoot an arrow.
The arrow hits Terence.
Terence is lightly wounded.
Terence zaps a wand.
The puff of frost hits you!
You die...

#######.###.##
#.....[## ##.#
#.#####.###.##
##.#.## ##.##
#.# ####.#
####....###
#.......@.#
#.##.####.# #
#.# .# #.##.##
.# ##.#...##
@# +.......#
.#
##.#...###.#
#.........#
#####.#####


You could see Terence.

Vanquished Creatures
  2 worms
  A giant gecko (D:1)
  11 bats
  3 giant cockroaches
  6 goblins
  8 hobgoblins
  2 jackals (D:2)
  6 kobolds
  2 oozes
  A quokka (D:2)
  3 giant newts
  7 rats
52 creatures vanquished.

Notes
Turn   | Place    | Note
--------------------------------------------------------------
     0 | D:1      | MrRokkomies, the Centaur Hunter, began the quest for the Orb.
     0 | D:1      | Reached XP level 1. HP: 16/16 MP: 1/1
   188 | D:1      | Reached XP level 2. HP: 17/23 MP: 2/2
  1045 | D:2      | Reached XP level 3. HP: 19/29 MP: 3/3
  1102 | D:2      | Reached skill level 6 in Bows
  2058 | D:3      | Reached XP level 4. HP: 37/37 MP: 3/3
  2358 | D:3      | Noticed Terence
  2363 | D:3      | Killed from afar by Terence

Action                   |  1- 3 |  4- 6 || total
-------------------------+-------+-------++-------
Melee: Short sword       |   151 |    12 ||   163
 Fire: Shortbow          |    29 |     4 ||    33
  Use: Scroll            |     8 |     1 ||     9
  Eat: Chunk             |     2 |     1 ||     3
